 Seeded DCSS version 0.30.1-11-g7821555f0a (webtiles) character file.

Game seed: 430007637681659361 (custom seed)

246 McKennaii the Conjurer (level 5, 38/38 HPs)
             Began as a Demigod Conjurer on Jan 14, 2024.
             Quit the game on level 2 of the Dungeon.
             The game lasted 00:05:33 (3077 turns).

McKennaii the Conjurer (Demigod Conjurer)           Turns: 3077, Time: 00:05:34

Health: 38/38      AC:  4    Str:  8    XL:     5   Next: 54%
Magic:  13/13      EV: 12    Int: 27    God:
Gold:   143        SH:  0    Dex: 12    Spells: 8/11 levels left

rFire   . . .        y - +3 trident of Triumph {drain, rCorr Int+3}
rCold   . . .        (no shield)
rNeg    . . .        a - +0 robe
rPois   .            v - +0 helmet
rElec   .            (no cloak)
rCorr   +            w - +0 pair of gloves
SInv    .            (no boots)
Will    .....        (no amulet)
Stlth   ++           e - ring of flight
HPRegen 0.26/turn    (no ring)
MPRegen 0.13/turn

%: no passive effects
@: flying
A: high MP 1, forlorn, divine attributes
a: no special abilities


You were on level 2 of the Dungeon.
You visited 1 branch of the dungeon, and saw 4 of its levels.

You collected 143 gold pieces.

Inventory:

Hand Weapons
 g - a +3 war axe
 y - the +3 trident of Triumph (weapon) {drain, rCorr Int+3}
   (You acquired it on level 2 of the Dungeon)

   Int:       It affects your intelligence (+3).
   rCorr:     It protects you from acid and corrosion.
Missiles
 o - 3 throwing nets
Armour
 a - a +0 robe (worn)
 v - a +0 helmet (worn)
 w - a +0 pair of gloves (worn)
Jewellery
 e - a ring of flight (left hand)
 s - an amulet of the acrobat
Wands
 m - a wand of flame (21)
Scrolls
 c - a scroll of fear {unknown}
 d - 2 scrolls of noise {unknown}
 f - a scroll of brand weapon {unknown}
 h - a scroll of vulnerability {unknown}
 k - a scroll of identify {unknown}
 n - 2 scrolls of blinking {unknown}
 p - a scroll of amnesia {unknown}
 q - a scroll of immolation {unknown}
 r - a scroll of teleportation {unknown}
 x - a scroll of acquirement
Potions
 b - 2 potions of magic
 i - 2 potions of ambrosia {unknown}
 j - 3 potions of curing {unknown}
 l - a potion of cancellation {unknown}
 t - a potion of invisibility {unknown}
 u - a potion of heal wounds {unknown}
 z - a potion of attraction {unknown}


   Skills:
 - Level 1.7 Dodging
 - Level 1.7 Stealth
 + Level 3.8 Spellcasting
 + Level 5.2 Conjurations


You had 8 spell levels left.
You knew the following spells:

 Your Spells              Type           Power      Damage    Failure   Level
a - Magic Dart            Conj           100%       1d8       1%          1
b - Searing Ray           Conj           66%        2d6       1%          2

Your spell library contained the following spells:

 Spells                   Type           Power      Damage    Failure   Level
 Sandblast                Erth           10%        2d5       9%          1
 Dazzling Flash           Conj/Hex       38%        N/A       9%          3
 Stone Arrow              Conj/Erth      38%        3d9       9%          3
 Call Imp                 Summ           10%        N/A       12%         2
 Passwall                 Tmut/Erth      4%         N/A       12%         2
 Fulminant Prism          Conj/Hex       9%         3d7       26%         4
 Iskenderun's Mystic Bla  Conj/Tloc      19%        2d6       26%         4
 Fireball                 Conj/Fire      9%         3d6       58%         5
 Animate Dead             Necr           5%         N/A       63%         4
 Starburst                Conj/Fire      9%         6d5       99%         6
 Haunt                    Necr/Summ      2%         N/A       100%        7
 Infestation              Necr           2%         N/A       100%        8


Dungeon Overview and Level Annotations

Branches:
Dungeon (4/15)
 Temple: D:4-7


Innate Abilities, Weirdness & Mutations

You have an increased reservoir of magic. (+10% MP)
You shall have no god before yourself.
Your divine heritage dramatically boosts your attributes as you level up.


Message History

You can't see any susceptible monsters within range! (Use Z to cast anyway.)
You now have 143 gold pieces (gained 12).
A goblin comes into view. It is wielding a +0 dagger.
The magic dart hits the goblin!
You kill the goblin!
Things that are here:
a +0 dagger; a goblin corpse A quokka comes into view.
The magic dart hits the quokka.
You kill the quokka!
x - 4 scrolls labelled CYEFEGG KASOI (gained 1) Key pressed, stopping explore.
You can't see any susceptible monsters within range! (Use Z to cast anyway.)
Found an ancient bone altar of Kikubaaqudgha.
z - a grey potion You can't see any susceptible monsters within range! (Use Z to cast anyway.)
There is an open door here.
You reach down and open the door.
Found a faded altar of an unknown god.
You can't see any susceptible monsters within range! (Use Z to cast anyway.)
There is an open door here.
Done exploring.
You can't see any susceptible monsters within range! (Use Z to cast anyway.) Done exploring.
You can't see any susceptible monsters within range! (Use Z to cast anyway.) Done exploring.
You can't see any susceptible monsters within range! (Use Z to cast anyway.) Done exploring.
You can't see any susceptible monsters within range! (Use Z to cast anyway.) This is a scroll of acquirement!
Something appears at your feet!
y - the +3 trident of Triumph {drain, rCorr Int+3} You feel clever.
You sense an unholy aura.
y - the +3 trident of Triumph (weapon)
{drain, rCorr Int+3}
Okay, then.
Something appears at your feet! Something appears at your feet!
Unknown command.
Are you sure you want to abandon this character and quit the game? (Confirm with "yes".)

###########
##.........#
##..........#
##..♣♣♣......#
##..♣♣_♣♣.....#
##..♣♣♣.P♣♣....#
#).♣♣.P.♣♣♣♣...#
######.♣♣.PP.P♣P♣♣..#
#...(..♣PP.@.P.PP♣.[#
#......♣P###'###P♣..#
#......♣♣#.....#♣♣..#
#.>..#.♣÷#..8..#÷♣.##
#†...#.♣♣#.....#♣♣.#
#....#...##♣'♣##...#
#....##...........##
###.###.#..###..#.#
## #.<.....## ##...#
#####.


There were no monsters in sight!

Vanquished Creatures
  2 hounds
  Terence (D:2)
  Robin (D:4)
  4 gnolls (D:4)
  3 adders
  A worm (D:3)
  2 dart slugs
  An orc (D:3)
  3 endoplasms
  4 giant cockroaches
  14 goblins
  9 hobgoblins
  2 jackals (D:3)
  4 quokkas
  9 ball pythons
  10 bats
  A frilled lizard (D:1)
  A kobold (D:1)
  5 rats
77 creatures vanquished.

Notes
Turn   | Place    | Note
-------+----------+-------------------------------------------
     0 | D:1      | McKennaii the Demigod Conjurer began the quest for the Orb.
     0 | D:1      | Reached XP level 1. HP: 14/14 MP: 5/5
   271 | D:1      | Reached XP level 2. HP: 20/20 MP: 2/7
   460 | D:1      | Learned a level 2 spell: Searing Ray
   607 | D:1      | Reached skill level 4 in Conjurations
  1114 | D:2      | Noticed Terence
  1124 | D:1      | Reached XP level 3. HP: 24/26 MP: 1/9
  1204 | D:2      | Killed Terence
  1296 | D:2      | You are sucked into a shaft and drop 2 floors!
  1299 | D:4      | Noticed Robin
  1307 | D:4      | Killed Robin
  1308 | D:4      | Reached XP level 4. HP: 24/33 MP: 6/11
  1475 | D:4      | Got the Tome of Luminous Command
  1735 | D:3      | Reached XP level 5. HP: 38/38 MP: 10/13
  1796 | D:3      | Reached skill level 5 in Conjurations
  3072 | D:2      | Identified 4 scrolls of acquirement
  3072 | D:2      | Acquired the +3 trident of Triumph {drain, rCorr Int+3}
  3075 | D:2      | Acquired 900 gold pieces
  3076 | D:2      | Acquired 939 gold pieces
  3077 | D:2      | Quit the game

Illustrated notes

Levels and vault maps discovered:
D:1:      wander_arrival_chamber, layout_basic, kennysheep_boxes
D:2:      layout_rooms, dilly_ecumenical_altar_fadedgnrine, basic_altar,
          uniq_terence
D:3:      layout_basic, mainiacjoe_overflow_swirl, jmf_multi_god_temple,
          minmay_puff
D:4:      layout_loops_corners, minmay_temple_entry_junction_2,
          minmay_joined_circles, uniq_robin, uniq_duvessa

Skill      XL: |  1  2  3  4  5 |
---------------+----------------+-----
Spellcasting   | 2 3 |  3.8
Conjurations   | 4 5 |  5.2
Dodging        | |  1.7
Stealth        | |  1.7

Action                     |  1- 3 |  4- 6 || total
---------------------------+-------+-------++-------
  Melee: War axe           |    21 |     7 ||    28
         Unarmed           |     4 |       ||     4
         Punch             |     1 |       ||     1
   Cast: Magic Dart        |    57 |    58 ||   115
         Searing Ray       |     4 |     6 ||    10
    Use: Scroll            |       |     3 ||     3
 Armour: Robe              |    13 |     2 ||    15
  Dodge: Dodged            |    38 |     8 ||    46
